 Dungeon Crawl Stone Soup version 0.26.1-11-gd32895ea62 (webtiles) character file.

Game seed: 7467065526285427932

654 Zeld the Cleaver (level 7, -6/57 HPs)
             Began as a Minotaur Berserker on May 23, 2021.
             Was a Priest of Trog.
             Mangled by a gnoll
             ... wielding a +0 halberd
              (14 damage)
             ... on level 6 of the Dungeon.
             The game lasted 00:04:47 (6545 turns).

Zeld the Cleaver (Minotaur Berserker)               Turns: 6545, Time: 00:04:48

Health: -6/57      AC:  1    Str: 24    XL:     7   Next: 29%
Magic:  6/6        EV: 12    Int:  4    God:    Trog [***...]
Gold:   355        SH:  0    Dex:  9    Spells: 6/6 levels left

rFire    . . .     SeeInvis .   a - +0 hand axe
rCold    . . .     Faith    .   (no shield)
rNeg     . . .     Spirit   .   (no armour)
rPois    .         Reflect  .   (helmet restricted)
rElec    .         Harm     .   (no cloak)
rCorr    .         Rampage  .   j - +0 pair of gloves
Will     .....                  (no boots)
Stlth    +.........             (no amulet)
HPRegen  0.19/turn              (no ring)
MPRegen  0.10/turn              (no ring)

@: berserk cooldown, slowed, very slow
A: retaliatory headbutt, horns 2
a: Renounce Religion, Berserk, Trog's Hand


You were on level 6 of the Dungeon.
You worshipped Trog.
Trog was most pleased with you.
You visited 2 branches of the dungeon, and saw 7 of its levels.

You collected 355 gold pieces.

Inventory:

Hand Weapons
 a - a +0 hand axe (weapon)
Armour
 j - a +0 pair of gloves (worn)
Scrolls
 c - 5 scrolls of identify
 f - 4 scrolls of remove curse
 i - 3 scrolls of teleportation
 k - a scroll of holy word
Potions
 b - 2 potions of heal wounds {unknown}
 d - a potion of attraction {unknown}
 e - 3 potions of brilliance {unknown}
 g - a potion of ambrosia {unknown}
 h - a potion of experience {unknown}
 l - a potion of resistance {unknown}
 m - a potion of cancellation {unknown}


   Skills:
 - Level 3.6 Fighting
 * Level 10.2 Axes
 - Level 2.4 Armour
 - Level 2.1 Dodging


You had 6 spell levels left.
You didn't know any spells.
Your spell library was empty.

Dungeon Overview and Level Annotations

Branches:
Dungeon (6/15)             Temple (1/1) D:4

Altars:
Cheibriados
Dithmenos
Fedhas
Gozag
Hepliaklqana
Kikubaaqudgha
Makhleb
Nemelex Xobeh
Okawaru
Qazlal
Ru
Sif Muna
Trog
Uskayaw
Vehumet
Wu Jian
Xom
Yredelemnul
Zin

Annotations:
D:5 3 runed translucent doors, phalm's ghost, novice GnWr


Innate Abilities, Weirdness & Mutations

You reflexively headbutt those who attack you in melee.
You have a pair of horns on your head.


Message History

The gnoll closely misses you. The gnoll misses you.
You slash the gnoll!
You kill the gnoll!
Trog accepts your kill.
The gnoll hits you from afar with a +0 halberd.
The gnoll barely misses you. You furiously retaliate!
You headbutt the gnoll! The gnoll hits you with a +0 halberd!
Things that are here:
a +0 whip; a gnoll corpse; a gnoll corpse The gnoll hits you from afar with a +0 halberd.
You see here a +0 whip.
The gnoll barely misses you. The gnoll closely misses you.
The gnoll barely misses you.
The gnoll hits you from afar with a +0 halberd!
* * * LOW HITPOINT WARNING * * *
The gnoll hits you from afar with a +0 halberd.
* * * LOW HITPOINT WARNING * * *
The gnoll hits you from afar with a +0 halberd!
You die...

#########
#.....@.#
#.#####.#
#.#...#g#
#.##..#.#
#.....#.#
#####.#.#
#.#.#
#.#.#
#.#.#


You could see a gnoll.

Vanquished Creatures
  A centaur zombie (D:5)
  2 hounds (D:5)
  2 orc priests (D:4)
  An iguana (D:5)
  2 orc wizards (D:4)
  6 worker ants
  A worker ant zombie (D:5)
  4 gnolls
  7 adders
  A shadow imp (D:4)
  A white imp (D:5)
  2 ufetubi (D:5)
  An ooze (D:2)
  An adder zombie (D:5)
  4 worms
  2 dart slugs
  3 leopard geckos
  9 orcs
  4 ball pythons
  9 bats
  8 giant cockroaches
  12 goblins
  10 hobgoblins
  5 jackals
  A quokka (D:3)
  9 frilled lizards
  11 kobolds
  10 rats
129 creatures vanquished.

Vanquished Creatures (others)
  2 fungi (D:5)
  A plant (D:5)
3 creatures vanquished.

Grand Total: 132 creatures vanquished

Notes
Turn   | Place    | Note
-------+----------+-------------------------------------------
     0 | D:1      | Zeld the Minotaur Berserker began the quest for the Orb.
     0 | D:1      | Reached XP level 1. HP: 19/19 MP: 0/0
    34 | D:1      | Reached skill level 4 in Axes
   216 | D:1      | Reached XP level 2. HP: 26/26 MP: 1/1
   360 | D:1      | Reached skill level 5 in Axes
   579 | D:1      | Reached XP level 3. HP: 31/31 MP: 2/2
   608 | D:1      | Reached ** piety under Trog
  1429 | D:2      | Reached skill level 6 in Axes
  1429 | D:2      | Reached XP level 4. HP: 31/39 MP: 3/3
  1802 | D:2      | Found a sacrificial altar of Ru.
  2813 | D:3      | Reached *** piety under Trog
  3266 | D:3      | Reached XP level 5. HP: 43/45 MP: 4/4
  3441 | D:3      | Reached skill level 7 in Axes
  3550 | D:4      | Found a staircase to the Ecumenical Temple.
  3563 | Temple   | Entered the Ecumenical Temple
  3996 | D:4      | Reached skill level 8 in Axes
  4001 | D:4      | Reached XP level 6. HP: 30/51 MP: 5/5
  5216 | D:4      | Found a shimmering blue altar of Sif Muna.
  5252 | D:5      | Entered Level 5 of the Dungeon
  5260 | D:5      | Reached skill level 9 in Axes
  5713 | D:5      | Reached XP level 7. HP: 41/57 MP: 6/6
  5805 | D:5      | Found a burning altar of Makhleb.
  5873 | D:5      | Reached skill level 10 in Axes
  5928 | D:5      | Found a runed translucent gate.
  5929 | D:5      | Found a runed translucent gate.
  5929 | D:5      | Noticed phalm's ghost (novice GnWr)
  6032 | D:5      | Found a runed translucent gate.
  6063 | D:5      | Found a burning altar of Makhleb.
  6063 | D:5      | Noticed a cacodemon
  6167 | D:5      | Found a hide-covered altar of Uskayaw.
  6350 | D:5      | Noticed an orange demon
  6350 | D:5      | Noticed a ynoxinul
  6545 | D:6      | Mangled by a gnoll

Illustrated notes

Levels and vault maps discovered:
D:1:      ncdulo_wetmaze, layout_basic, minivault_26
D:2:      layout_basic, lemuel_doored_altar
D:3:      kennysheep_six_static_rooms, layout_basic
D:4:      layout_basic, lemuel_blue_sif_altar, minmay_temple_entry_crystal_x,
          minmay_misc_feat_square
D:5:      layout_rooms, lemuel_crystal_altar, kennysheep_mini_moat,
          gammafunk_ghost_nasty_kobolds, makhleb_altar_promises_db
D:6:      layout_basic, tso_metal_star
Temple:   regret_index_temple_waves

Skill      XL: |  1  2  3  4  5  6  7 |
---------------+----------------------+-----
Axes           | 4 5 6 8 9 10 | 10.2
Fighting       | |  3.6
Armour         | |  2.4
Dodging        | |  2.1

Action                   |  1- 3 |  4- 6 |  7- 9 || total
-------------------------+-------+-------+-------++-------
Melee: Hand axe          |    83 |   181 |    38 ||   302
       Headbutt          |    12 |    32 |     5 ||    49
Invok: Berserk           |     2 |     2 |     1 ||     5
  Use: Scroll            |       |     4 |     1 ||     5
Armor: Skin              |       |    13 |     7 ||    20
Dodge: Dodged            |    44 |   107 |    31 ||   182
